 Dungeon Crawl Stone Soup version 0.31-a0-435-g2c6fae2916 (webtiles) character file.

Game seed: 13412262559336545656

356 lunkers the Ruffian (level 7, -1/32 HPs)
             Began as a Meteoran Shapeshifter on Aug 1, 2023.
             Slain by an orc
             ... wielding a +0 dagger
              (2 damage)
             ... on level 5 of the Dungeon.
             The game lasted 00:05:42 (2240 turns).

lunkers the Ruffian (Meteoran Shapeshifter)         Turns: 2240, Time: 00:05:43

Health: -1/32      AC: -2    Str: 18    XL:     7   Next: 17%
Magic:  17/17      EV: 12    Int:  5    God:
Gold:   66         SH:  0    Dex: 16    Spells: 6/6 levels left

rFire   . .          .
                       - Unarmed
rCold   . . .        (no shield)
rNeg    + + +        h - melded +0 ring mail
rPois   .            q - +1 helmet
rElec   .            (no cloak)
rCorr   .            (no gloves)
SInv    .            (no boots)
Will    .....        r - amulet of regeneration
Stlth   +            e - ring of Qauwn {Drain rN+++ MP+9 Int-4 Slay+4}
HPRegen 1.05/turn    (no ring)
MPRegen 0.15/turn

%: no passive effects
@: maw-form, corroded, glowing
A: devouring maw, reduced hp, sense surroundings 1, otherworldly, glowing,
explore regen
a: Begin Untransformation


You were on level 5 of the Dungeon.
You were a creature with a mouth for a stomach.
You visited 1 branch of the dungeon, and saw 5 of its levels.
You also visited: Sewer.

You collected 66 gold pieces.

Inventory:

Armour
 a - a +0 animal skin
 h - a +0 ring mail (melded)
 q - a +1 helmet (worn)
Jewellery
 e - the ring of Qauwn (left hand) {Drain rN+++ MP+9 Int-4 Slay+4}
   (You acquired it on level 3 of the Dungeon)

   [ring of slaying]

   Int:       It affects your intelligence (-4).
   Slay:      It affects your accuracy & damage with ranged weapons and melee
   (+4).
   rN:        It renders you almost immune to negative energy.
   MP:        It affects your magic capacity (+9).
   Drain:     It drains your maximum health when unequipped.
 r - an amulet of regeneration (around neck)
Talismans
 c - a beast talisman
 n - a maw talisman (active)
Scrolls
 d - 2 scrolls of enchant armour
 k - a scroll of immolation {unknown}
 p - a scroll of vulnerability
Potions
 b - 2 potions of heal wounds
 f - a potion of berserk rage {unknown}
 g - a potion of resistance {unknown}
 i - a potion of attraction {unknown}
 j - 2 potions of curing


   Skills:
 - Level 1.1 Fighting
 - Level 2.4 Dodging
 * Level 7.4 Unarmed Combat
 + Level 5.2 Shapeshifting


You had 6 spell levels left.
You didn't know any spells.
Your spell library contained the following spells:

 Spells                   Type           Power      Damage    Failure   Level
 Sandblast                Erth           0%         2d4       47%         1
 Passwall                 Tmut/Erth      0%         N/A       63%         2
 Frozen Ramparts          Ice            0%         1d1       85%         3
 Inner Flame              Hex/Fire       0%         N/A       85%         3
 Stone Arrow              Conj/Erth      0%         3d7       85%         3
 Flame Wave               Conj/Fire      0%         2d4       99%         4
 Petrify                  Tmut/Erth      0%         N/A       99%         4
 Sticky Flame             Conj/Fire      0%         2d3       99%         4
 Metabolic Englaciation   Hex/Ice        0%         N/A       100%        5


Dungeon Overview and Level Annotations

Branches:
Dungeon (5/15) Zot: 1225    Sewer (visited)
 Temple: D:4-7

Altars:
Xom

Shops:
D:3 [


Innate Abilities, Weirdness & Mutations

You are a creature with a mouth for a stomach.
Your midsection houses a second, enormous mouth.
Your maximum health is decreased, since you lack skill for your form.
You passively map a small area around you.
You are easily found by Zot.
You glow in the dark.
You regain HP and MP as you explore.


Message History

* * * LOW HITPOINT WARNING * * *
The acid corrodes you!
You are splashed with acid!
* * * LOW HITPOINT WARNING * * *
Unknown command.
You punch the jelly!
You kill the jelly!
Unknown command.
Unknown command.
You see here a +0 spear.
There is a stone staircase leading down here.
You climb downwards.
HP restored.
The orc shouts! x2; The orc priest shouts! x2
Found a club and 10 gold pieces.
There is a stone staircase leading up here.
There are monsters nearby!
You barely miss the orc. You hit the orc but do no damage.
The orc priest calls down the wrath of Beogh upon you.
Beogh smites you!
* * * LOW HITPOINT WARNING * * *
The orc hits you with a +0 club.
* * * LOW HITPOINT WARNING * * *
You hit the orc.
The orc is heavily wounded.
The orc misses you. The orc closely misses you.
Unknown command.
You hit the orc priest. You punch the orc priest. You bite the orc priest.
The orc priest is severely wounded.
The orc barely misses you.
The orc priest hits you with a +0 short sword.
* * * LOW HITPOINT WARNING * * *
The orc misses you. The orc hits you with a +0 club.
* * * LOW HITPOINT WARNING * * *
You hit the orc priest. You bite the orc priest.
You kill the orc priest!
The orc hits you with a +0 hand axe!
* * * LOW HITPOINT WARNING * * *
The orc priest calls upon Beogh to heal the orc.
The orc's wounds heal themselves!
The orc hits you with a +0 dagger.
You die...

.. ... , ...##
.....########
......#.....##
,.............##
......)oo.....#
.......Wo.....#
,........o.....#
*
..............#
,
..............#
............)##
#.....#...$.##
############# *


You could see an orc priest and 3 orcs.

Vanquished Creatures
  A phantom (D:4)
  A jelly (D:4)
  An orc priest (D:5)
  Robin (D:3)
  3 gnolls (D:2)
  6 river rats (Sewer)
  6 adders
  3 worms
  3 dart slugs
  6 orcs (D:4)
  An endoplasm (D:1)
  A giant cockroach (D:4)
  16 goblins
  9 hobgoblins
  6 jackals (Sewer)
  2 quokkas (D:2)
  8 ball pythons
  2 bats
  6 frilled lizards
  5 kobolds
  5 rats
92 creatures vanquished.

Notes
Turn   | Place    | Note
-------+----------+-------------------------------------------
     0 | D:1      | lunkers the Meteoran Shapeshifter began the quest for the
                  | Orb.
     0 | D:1      | Reached XP level 1. HP: 16/16 MP: 2/2
   296 | D:1      | Reached XP level 2. HP: 23/23 MP: 3/3
   317 | D:1      | Reached skill level 4 in Unarmed Combat
   380 | D:2      | Found a shimmering altar of Xom.
   394 | D:2      | Reached XP level 3. HP: 8/28 MP: 4/4
   399 | D:2      | Reached XP level 4. HP: 12/35 MP: 5/5
   414 | D:2      | Reached skill level 5 in Unarmed Combat
   730 | D:3      | Noticed Robin
   743 | D:3      | Reached XP level 5. HP: 24/40 MP: 6/6
   754 | D:3      | Killed Robin
  1018 | D:3      | Found Ythrimiu's Antique Armour Emporium.
  1268 | D:3      | Found a glowing drain.
  1270 | D:3      | Reached skill level 6 in Unarmed Combat
  1280 | Sewer    | Entered a sewer
  1313 | Sewer    | Reached XP level 6. HP: 19/47 MP: 7/7
  1685 | Sewer    | Glimpsed the power of Zot.
  1721 | Sewer    | Glimpsed the power of Zot.
  1745 | D:3      | Identified a scroll of acquirement
  1745 | D:3      | Acquired the ring of Qauwn {Drain rN+++ MP+9 Int-4 Slay+4}
  1915 | D:4      | Reached skill level 7 in Unarmed Combat
  1915 | D:4      | Reached skill level 5 in Shapeshifting
  1915 | D:4      | Reached XP level 7. HP: 31/52 MP: 8/8
  2235 | D:5      | Entered Level 5 of the Dungeon
  2240 | D:5      | HP: 1/32 [orc/+0 hand axe (7)]
  2240 | D:5      | Slain by an orc

Illustrated notes

Levels and vault maps discovered:
D:1:      roderic_crop_circles_arrival_small, layout_basic,
          minmay_misc_feat_diagonals
D:2:      layout_basic, basic_altar
D:3:      layout_loops_ring, serial_shops, shop, portal_sewer_entry_d,
          st_stairs_8, uniq_robin
D:4:      layout_basic, nicolae_qazlal_beasts_of_the_sky
D:5:      layout_rooms, minmay_ogre_servants, uniq_crazy_yiuf_cottage,
          uniq_sigmund, uniq_eustachio

Skill      XL: |  1  2  3  4  5  6 |
---------------+-------------------+-----
Unarmed Combat | 4 5 6 7 |  7.4
Shapeshifting  | 4 5 |  5.2
Fighting       | |  1.1
Dodging        | |  2.4

Action                     |  1- 3 |  4- 6 |  7- 9 || total
---------------------------+-------+-------+-------++-------
  Melee: Unarmed           |    33 |   164 |    21 ||   218
         Punch             |       |     5 |     3 ||     8
         Maw               |       |    13 |     4 ||    17
    Use: Potion            |       |     1 |       ||     1
         Scroll            |       |    10 |       ||    10
 Armour: Ring mail         |     9 |    15 |       ||    24
         Skin              |       |    91 |     1 ||    92
  Dodge: Dodged            |    13 |    63 |     9 ||    85
   Form: Maw               |       |     1 |       ||     1

Table legend: (Time is in decaauts)
 A = Elapsed time spent in this place.
 B = Non-inter-level travel time spent in this place.
 C = Inter-level travel time spent in this place.
 D = Time resting spent in this place.
 E = Time spent auto-exploring this place.
 F = Levels seen in this place.
 G = Mean time per level.
                   A        B        C        D        E       F      G
               +--------+--------+--------+--------+--------+-----+--------+
         Total |   2343 |   2259 |     84 |      6 |   1621 |   6 |  390.5 |
       Dungeon |   1773 |   1689 |     84 |      0 |   1263 |   5 |  354.6 |
         Sewer |    569 |    569 |      0 |      6 |    358 |   1 |  569.0 |
               +--------+--------+--------+--------+--------+-----+--------+

Top non-repeatable levels by time:
     D:3: 719 daAuts
   Sewer: 569 daAuts
     D:2: 382 daAuts
     D:4: 344 daAuts
     D:1: 324 daAuts
     D:5: 4 daAuts
